 Dungeon Crawl Stone Soup version 0.32-a0-673-g3729bd50f8 (webtiles) character file.

Game seed: 9698657822582733431

37 dolemite99 the Conjurer (level 3, -8/31 HPs)
             Began as an Oni Alchemist on Mar 10, 2024.
             Was a Follower of Qazlal.
             Mangled by a gnoll
             ... wielding a +0 flail
              (10 damage)
             ... on level 2 of the Dungeon.
             The game lasted 00:02:58 (2332 turns).

dolemite99 the Conjurer (Oni Alchemist)             Turns: 2332, Time: 00:02:59

Health: -8/31      AC:  3    Str: 12    XL:     3   Next: 41%
Magic:  6/6        EV:  9    Int: 18    God:    Qazlal [*.....]
Gold:   79         SH:  2    Dex:  9    Spells: 5/6 levels left

rFire   . . .        d - +0 dagger
rCold   . . .        (no shield)
rNeg    . . .        a - +0 robe
rPois   .            (helmet restricted)
rElec   .            (no cloak)
rCorr   .            (gloves unavailable)
SInv    .            (boots unavailable)
Will    .....        (no amulet)
Stlth   +            (no ring)
HPRegen 0.25/turn    (no ring)
MPRegen 0.10/turn

%: no passive effects
@: hasted, very quick
A: large, unfitting armour, horns 1, tough skin 1, double potion healing,
drunken brawling
a: Renounce Religion


You were on level 2 of the Dungeon.
You worshipped Qazlal.
Qazlal was aware of your devotion.
You visited 1 branch of the dungeon, and saw 2 of its levels.

You collected 79 gold pieces.

Inventory:

Hand Weapons
 c - a +0 club
 d - a +0 dagger (weapon)
Armour
 a - a +0 robe (worn)
 h - the +3 hat of Pondering {ponderous, Will+ MP+10 Int+5}
   (You acquired it on level 2 of the Dungeon)

   Int+5:     It affects your intelligence (+5).
   Will+:     It increases your willpower.
   MP+10:     It affects your magic capacity (+10).
Jewellery
 f - an amulet of reflection
Scrolls
 g - 2 scrolls of identify {unknown}
 i - a scroll of vulnerability {unknown}


   Skills:
 - Level 1.7 Dodging
 - Level 1.4 Stealth
 - Level 2.4 Spellcasting
 + Level 2.9 Conjurations
 - Level 2.6 Alchemy


You had 5 spell levels left.
You knew the following spells:

 Your Spells              Type           Power      Damage    Failure   Level
a - Sting                 Conj/Alch      48%        1d6       5%          1

Your spell library contained the following spells:

 Spells                   Type           Power      Damage    Failure   Level
 Mercury Vapours          Alch/Air       14%        N/A       16%         2
 Mephitic Cloud           Conj/Alch/Air  8%         N/A       24%         3
 Olgreb's Toxic Radiance  Alch           11%        N/A       50%         4
 Sticky Flame             Fire/Alch      7%         2d4       69%         4


Dungeon Overview and Level Annotations

Branches:
Dungeon (2/15)

Altars:
Qazlal


Innate Abilities, Weirdness & Mutations

You are too large for most types of armour.
You have a pair of small horns on your head.
You have tough skin. (AC +1)
You gain doubled healing and magic from potions.
Whenever you drink a healing potion, you attack all around you.


Message History

Confirm with . or Enter, or press ? or * to list all spells.
Aiming: Sting (safe; 5% risk of failure)
Press: ? - help, Shift-Dir - straight line, f/p - gnoll
Aim: a gnoll, wielding a +0 club (heavily wounded, very poisoned, 75% to hit)
The sting misses the gnoll.
You block the gnoll's attack.
Casting: Sting (safe; 5% risk of failure)
Confirm with . or Enter, or press ? or * to list all spells.
Aiming: Sting (safe; 5% risk of failure)
Press: ? - help, Shift-Dir - straight line, f/p - gnoll
Aim: a gnoll, wielding a +0 club (heavily wounded, very poisoned, 75% to hit)
The sting hits the gnoll.
The gnoll looks even sicker.
The gnoll is severely wounded.
This is a scroll of acquirement!
Something appears at your feet! The gnoll barely misses you.
h - the +3 hat of Pondering {ponderous, Will+ MP+10 Int+5} The gnoll hits you with a +0 flail.
The gnoll barely misses you.
The gnoll hits you from afar with a +0 spear!
It was a potion of haste.
You feel yourself speed up. The gnoll hits you with a +0 flail!
The gnoll barely misses you.
The gnoll hits you from afar with a +0 spear.
* * * LOW HITPOINT WARNING * * *
You take a swig of the potion and twirl your +0 dagger.
You hit the gnoll.
The gnoll is lightly wounded.
You hit the gnoll but do no damage.
The gnoll is severely wounded.
Magic courses through your body. The gnoll closely misses you.
Casting: Sting (safe; 5% risk of failure)
Confirm with . or Enter, or press ? or * to list all spells.
Aiming: Sting (safe; 5% risk of failure)
Press: ? - help, Shift-Dir - straight line, f/p - gnoll
Aim: a gnoll, wielding a +0 club (severely wounded, very poisoned, 75% to hit)
The sting hits the gnoll.
The gnoll looks even sicker.
The gnoll is almost dead.
You kill the gnoll!
Qazlal accepts your kill.
The gnoll hits you from afar with a +0 spear.
* * * LOW HITPOINT WARNING * * *
The gnoll hits you with a +0 flail!
You die...

......#.##.# #......#
......#....# #.....##
......###..###.###.##
.............#.# #(..
#....####....#.###..# ####
#...........# #########
#......###... #....gg)#
#...........#
#.#####@##..........####
#.#################.###.
#g...................##.
##g.#########....#....##.
#.g..##.....+....#.#..###
####...##.#####....#.##.##
#........................#
#.##..........#.####.##..#
#.....#...[...#.#........#


You could see 2 gnolls.

Vanquished Creatures
  A gnoll (D:2)
  6 endoplasms (D:1)
  A giant cockroach (D:1)
  6 hobgoblins
  3 kobolds
  3 quokkas (D:1)
  4 ball pythons
  2 bats (D:1)
  2 frilled lizards (D:1)
  3 goblins
  4 rats
35 creatures vanquished.

Notes
Turn   | Place    | Note
-------+----------+-------------------------------------------
     0 | D:1      | dolemite99 the Oni Alchemist began the quest for the Orb.
     0 | D:1      | Reached XP level 1. HP: 16/16 MP: 3/3
    31 | D:1      | Reached skill level 1 in Conjurations
   603 | D:1      | Reached XP level 2. HP: 24/24 MP: 0/5
  1437 | D:1      | Reached XP level 3. HP: 31/31 MP: 1/6
  1682 | D:1      | Found a faded altar of an unknown god.
  1970 | D:1      | Prayed at the altar of an unknown god.
  1970 | D:1      | Became a worshipper of Qazlal Stormbringer
  1970 | D:1      | Reached * piety under Qazlal
  2328 | D:2      | Identified a scroll of acquirement
  2328 | D:2      | Acquired the +3 hat of Pondering {ponderous, Will+ MP+10
                  | Int+5}
  2328 | D:2      | Found the +3 hat of Pondering {ponderous, Will+ MP+10
                  | Int+5}
  2332 | D:2      | Mangled by a gnoll

Illustrated notes

Levels and vault maps discovered:
D:1:      scummos_arrival_simple_crosswalls, layout_loops_ring,
          hellmonk_ecumenical_altar_arch_garden
D:2:      layout_basic, nicolae_grassy_gnolls

Skill      XL: |  1  2 |
---------------+-------+-----
Conjurations   | 1 2 |  2.9
Dodging        | |  1.7
Stealth        | |  1.4
Spellcasting   | |  2.4
Alchemy        | |  2.6

Action                     || total
---------------------------++-------
  Melee: Unarmed           ||     1
         Headbutt          ||     1
         Dagger            ||     5
   Cast: Sting             ||    68
    Use: Potion            ||     2
         Scroll            ||     1
 Armour: Robe              ||    38
  Dodge: Dodged            ||    30
  Block: Other             ||     1

Table legend: (Time is in decaauts)
 A = Elapsed time spent in this place.
 B = Non-inter-level travel time spent in this place.
 C = Inter-level travel time spent in this place.
 D = Time resting spent in this place.
 E = Time spent auto-exploring this place.
 F = Levels seen in this place.
 G = Mean time per level.
                   A        B        C        D        E       F      G
               +--------+--------+--------+--------+--------+-----+--------+
         Total |   2330 |   2318 |     12 |   1143 |    775 |   2 | 1165.0 |
       Dungeon |   2330 |   2318 |     12 |   1143 |    775 |   2 | 1165.0 |
               +--------+--------+--------+--------+--------+-----+--------+

Top non-repeatable levels by time:
     D:1: 1983 daAuts
     D:2: 347 daAuts
